 Dungeon Crawl Stone Soup version 0.25-a0-425-g0e000e855e (console) character file.

Game seed: 15275038997159814905, levelgen mode: deterministic

14 Asser the Chiller (level 2, 0/19 HPs)
             Began as a Human Ice Elementalist on Jan 24, 2020.
             Slain by Natasha (6 damage)
             ... on level 2 of the Dungeon.
             The game lasted 00:04:24 (833 turns).

Asser the Chiller (Human Ice Elementalist)           Turns: 833, Time: 00:04:25

Health: 0/19       AC:  5    Str:  8    XL:     2   Next: 60%
Magic:  3/5        EV: 10    Int: 15    God:
Gold:   30         SH:  0    Dex: 13    Spells: 4/5 levels left

rFire    . . .     SeeInvis .   b - +0 dagger
rCold    + . .     Gourm    .   (no shield)
rNeg     . . .     Faith    .   f - +0 ring mail
rPois    .         Spirit   .   (no helmet)
rElec    .         Reflect  .   (no cloak)
rCorr    .         Harm     .   (no gloves)
MR       .....                  (no boots)
Stlth    +.........             (no amulet)
HPRegen  0.06/turn              a - ring of protection from cold
MPRegen  0.09/turn              (no ring)

@: very slightly contaminated
A: no striking features
a: no special abilities


You were on level 2 of the Dungeon.
You were not hungry.

You visited 1 branch of the dungeon, and saw 2 of its levels.

You collected 30 gold pieces.

Inventory:

Hand Weapons
 b - a +0 dagger (weapon)
Armour
 f - a +0 ring mail (worn)
Jewellery
 a - a ring of protection from cold (left hand)
Scrolls
 d - a scroll of remove curse {unknown}
 e - 3 scrolls of identify {unknown}
 i - a scroll of immolation {unknown}
Potions
 g - a potion of heal wounds {unknown}
 h - a potion of might {unknown}
Comestibles
 c - 2 rations


   Skills:
 + Level 2.1 Dodging
 + Level 2.0 Stealth
 + Level 2.2 Spellcasting
 + Level 4.4 Ice Magic


You had 4 spell levels left.
You knew the following spells:

 Your Spells              Type           Power        Failure   Level  Hunger
a - Freeze                Ice            ##..         11%         1    #......

Your spell library contained the following spells:

 Spells                   Type           Power        Failure   Level  Hunger
 Ozocubu's Armour         Chrm/Ice       #.......     63%         3    ###....
 Hailstorm                Conj/Ice       #.......     95%         4    #####..
 Summon Ice Beast         Ice/Summ       #.......     95%         4    #####..


Dungeon Overview and Level Annotations

Branches:
Dungeon (2/15)

Altars:

Annotations:
D:2 Natasha


Message History

Confirm with . or Enter, or press ? or * to list all spells.
Aiming: Freeze (safe; 11% risk of failure)
Press: ? - help, Shift-Dir - straight line, f - Natasha
Aim: Natasha You freeze Natasha.
Natasha is heavily wounded.
Natasha claws you but does no damage.
Casting: Freeze (safe; 11% risk of failure)
Confirm with . or Enter, or press ? or * to list all spells.
Aiming: Freeze (safe; 11% risk of failure)
Press: ? - help, Shift-Dir - straight line, f/p - Natasha
Aim: Natasha (heavily wounded)
You miscast Freeze.
You are very lightly contaminated with residual magic.
Nothing appears to happen.
Natasha claws you.
Casting: Freeze (safe; 11% risk of failure)
Confirm with . or Enter, or press ? or * to list all spells.
You don't know that spell.
Natasha claws you.
You die...

#.## .....
###<#......
#........# ###
#.##.##..#
##..>##!##.##..#
#..............
#..####.##.##.#
#.##.##.####
#.$.......^.
####h###.###
#@....# #####.#


You could see Natasha.

Vanquished Creatures
  3 bats (D:1)
  2 giant cockroaches (D:1)
  2 hobgoblins (D:1)
  3 kobolds (D:1)
  4 rats (D:1)
14 creatures vanquished.

Notes
Turn   | Place    | Note
-------+----------+-------------------------------------------
     0 | D:1      | Asser the Human Ice Elementalist began the quest for the
                  | Orb.
     0 | D:1      | Reached XP level 1. HP: 13/13 MP: 3/3
   253 | D:1      | Reached XP level 2. HP: 17/19 MP: 1/5
   814 | D:2      | Noticed Natasha
   833 | D:2      | Slain by Natasha

Levels and vault maps discovered:
D:1:      dpeg_arrival_rhombi, layout_basic
D:2:      layout_loops_ring, first_ration, hangedman_glass_garden, uniq_natasha

Action                   || total
-------------------------++-------
Melee: Dagger            ||     8
 Cast: Freeze            ||    19
Armor: Robe              ||     4
       Ring mail         ||     5
Dodge: Dodged            ||    16

Table legend:
 A = Non-vault XP
 B = Vault XP
 C = Vault XP percentage of total XP
 D = Non-vault monster count
 E = Vault monster count
 F = Vault count percentage of total count
                 A         B        C        D         E       F
            +---------+---------+-------+---------+---------+-------
      Total |      21 |       0 |   0.0 |      14 |       0 |   0.0
            +---------+---------+-------+---------+---------+-------
        D:1 |      21 |       0 |   0.0 |      14 |       0 |   0.0
            +---------+---------+-------+---------+---------+-------
